 Dungeon Crawl Stone Soup version 0.15-a0-1154-gddcb950 (webtiles) character file.

90 Quh the Stinger (level 4, -1/30 HPs)
             Began as a Demonspawn Venom Mage on May 30, 2014.
             Killed from afar by Sigmund (7 damage)
             ... with a magic dart
             ... on Level 3 of the Dungeon.
             The game lasted 00:10:57 (2285 turns).

Quh the Stinger (Demonspawn Venom Mage)             Turns: 2285, Time: 00:10:57

HP  -1/30        AC  3     Str  9      XL: 4   Next: 32%
MP   5/8         EV 12     Int 17      God:
Gold 37          SH  0     Dex 13      Spells:  3 memorised,  0 levels left

rFire  . . .     SeeInvis .     y - +1 dagger (elec)
rCold  . . .     Clarity  .     t - +0 robe
rNeg   . . .     rCorr    .     (no shield)
rPois  .         rRot     .     f - +0 helmet
rElec  .         Spirit   .     (no cloak)
SustAb .         Warding  .     (no gloves)
rMut   .         Stasis   .     (no boots)
Gourm  .                        (no amulet)
MR     .....                    (no ring)
                                (no ring)

@: not resistant to hostile enchantments, fairly stealthy
A: claws 1, nightstalker 1
a: no special abilities


You were on level 3 of the Dungeon.
You were hungry.

You visited 1 branch of the dungeon, and saw 3 of its levels.

You collected 37 gold pieces.

Inventory:

Hand weapons
 h - a +0,+0 mace
 o - a +0,+0 dagger
 y - a +1,+1 dagger of electrocution (weapon)
Missiles
 e - 29 stones (quivered)
 j - 45 darts
 k - 30 arrows
 n - 11 sling bullets
Armour
 a - a +0 robe
 f - a +0 helmet (worn)
 t - a +0 robe (worn)
Comestibles
 c - 2 bread rations
 r - a rotting chunk of bat flesh
 s - a meat ration
 x - a chunk of hobgoblin flesh
 z - a chunk of rat flesh
Scrolls
 d - 2 scrolls of fog {unknown}
 g - a scroll of random uselessness {unknown}
 i - 2 scrolls of magic mapping {unknown}
 m - 2 scrolls of enchant armour {unknown}
 p - 2 scrolls of immolation {unknown}
 q - a scroll of recharging {unknown}
 w - a scroll of teleportation {unknown}
Potions
 l - 2 potions of resistance {unknown}
 u - a potion of porridge
 v - a potion of confusion {unknown}
Books
 b - a Young Poisoner's Handbook

   Spells                             Type                      Level
   *Sting                             Conjuration/Poison           1
   Cure Poison                        Poison                       2
   *Mephitic Cloud                    Conjuration/Poison/Air       3
   *Olgreb's Toxic Radiance           Poison                       4
   Venom Bolt                         Conjuration/Poison           5


   Skills:
 - Level 1.7 Dodging
 + Level 2.3 Stealth
 * Level 2.5 Spellcasting
 * Level 2.0 Conjurations
 * Level 4.7 Poison Magic


You couldn't memorise any spells.
You knew the following spells:

 Your Spells              Type           Power        Failure   Level  Hunger
a - Sting                 Conj/Pois      ##..         4%          1    #......
b - Mephitic Cloud        Conj/Pois/Air  #.......     24%         3    ###....
c - Olgreb's Toxic Radia  Pois           ###.....     30%         4    #####..


Dungeon Overview and Level Annotations

Branches:
Dungeon (3/15)

Altars:
Kikubaaqudgha
Makhleb
Zin

Annotations:
D:3 Sigmund


Innate Abilities, Weirdness & Mutations

You have sharp fingernails.
You are slightly more attuned to the shadows.


Message History

Sigmund is heavily wounded.
Sigmund hits you from afar with a scythe.
* * * LOW HITPOINT WARNING * * *
You are feeling hungry.
Sigmund gestures at you while chanting. The puff of flame misses you.
Sigmund looks more healthy.
Found a cloak.
Casting: Sting
Confirm with . or Enter, or press ? or * to list all spells.
Aiming: Sting
Press: ? - help, Shift-Dir - straight line, f/p - Sigmund
Aim: Sigmund, wielding a scythe and wearing a robe (heavily wounded)
The sting hits Sigmund.
Sigmund is poisoned.
Sigmund is heavily wounded.
Sigmund casts a spell.
Sigmund flickers and vanishes!
Deactivating autopickup; reactivate with Ctrl-A.
The magic dart hits you!
You die...

############
#.....@....#
#.########.# #@# #.#
#.# #####{#
########.####.@...#
.............(###.#
########)########.#
#...........
###########.########..#


There were no monsters in sight!

Vanquished Creatures
  Jessica (D:2)
  2 adders
  A worm (D:1)
  An ooze (D:3)
  2 orcs
  A ball python (D:1)
  3 giant cockroaches
  4 goblins
  7 hobgoblins
  3 quokkas (D:2)
  5 bats
  3 giant newts
  2 jackals (D:2)
  3 kobolds
  7 rats
45 creatures vanquished.

Notes
Turn   | Place    | Note
--------------------------------------------------------------
     0 | D:1      | Quh, the Demonspawn Venom Mage, began the quest for the Orb.
     0 | D:1      | Reached XP level 1. HP: 13/13 MP: 3/3
   409 | D:1      | Gained mutation: You are slightly more attuned to the shadows. [demonic ancestry]
   409 | D:1      | Reached XP level 2. HP: 11/19 MP: 0/4
   573 | D:1      | Reached skill level 1 in Conjurations
  1176 | D:2      | Gained mutation: You have sharp fingernails. [demonic ancestry]
  1176 | D:2      | Reached XP level 3. HP: 24/24 MP: 3/6
  1397 | D:2      | Learned a level 3 spell: Mephitic Cloud
  1693 | D:3      | Noticed Jessica
  1704 | D:2      | Killed Jessica
  1711 | D:2      | Reached XP level 4. HP: 16/30 MP: 4/8
  1965 | D:3      | Learned a level 4 spell: Olgreb's Toxic Radiance
  2110 | D:3      | Found a glowing silver altar of Zin.
  2197 | D:3      | Found a burning altar of Makhleb.
  2197 | D:3      | Found an ancient bone altar of Kikubaaqudgha.
  2260 | D:3      | Noticed Sigmund
  2285 | D:3      | Killed from afar by Sigmund

Action                   |  1- 3 |  4- 6 || total
-------------------------+-------+-------++-------
Melee: Mace              |    22 |     7 ||    29
       Dagger            |       |     3 ||     3
 Cast: Sting             |    62 |    24 ||    86
       Olgreb's Toxic Ra |       |     1 ||     1
